Map: Simulacrum LE

Players

Ratl - Winner!

  • Race: Protoss Protoss
  • League: Silver
  • Spawn Location: 11:00

zombidito

  • Race: Terran Terran
  • League: Silver
  • Spawn Location: 5:00

VOD

Have the link to the VOD?

Description

Time

  • Played on: Jan. 14, 2020, 12:39 p.m.
  • Length: 13:54
Show
View Real Time Build Order
Export as new Build Order

Ratl Protoss - Winner!

Build Orders:  

Get SALT Encoding   

  12  0:01  Probe  
  13  0:14  Probe  
  14  0:19  Pylon  
  14  0:26  Probe  
  15  0:41  Probe  
  15  0:42  Gateway  
  16  0:53  Probe  
  17  1:00  Gateway  
  17  1:05  Probe  
  17  1:06  Assimilator  
  18  1:17  Probe  
  19  1:29  Probe  
  20  1:35  Pylon  
  20  1:41  Probe, Cybernetics Core  
  21  1:53  Probe  
  22  1:58  Assimilator  
  21  2:05  Probe  
  22  2:17  Stalker x2  
  22  2:18  Probe  
  27  2:27  Warp Gate (Chrono Boost)  
  27  2:30  Probe  
  28  2:43  Probe  
  29  2:54  Adept  
  31  3:00  Pylon  
  31  3:10  Nexus  
  31  3:13  Pylon  
  31  3:18  Probe, Adept (Chrono Boost)  
  34  3:30  Probe  
  34  3:31  Stargate  
  34  3:32  Adept (Chrono Boost)  
  35  3:43  Probe  
  32  3:55  Probe  
  32  4:25  Probe (Chrono Boost)  
  32  4:26  Probe (Chrono Boost)  
  34  4:36  Void Ray  
  34  4:37  Probe (Chrono Boost)  
  40  4:40  Probe (Chrono Boost)  
  41  4:46  Probe (Chrono Boost)  
  41  4:48  Probe (Chrono Boost)  
  43  4:53  Probe x2 (Chrono Boost)  
  44  5:06  Stalker x2  
  48  5:11  Probe (Chrono Boost)  
  50  5:14  Probe (Chrono Boost)  
  50  5:19  Assimilator  
  50  5:23  Probe (Chrono Boost)  
  50  5:27  Probe (Chrono Boost)  
  52  5:28  Probe (Chrono Boost)  
  52  5:34  Protoss Air Weapons Level 1  
  53  5:35  Probe  
  54  5:50  Gateway  
  54  5:52  Gateway  
  54  5:53  Gateway  
  54  5:57  Probe x2, Pylon  
  55  6:03  Oracle  
  59  6:06  Pylon  
  59  6:09  Probe x2  
  61  6:12  Assimilator  
  61  6:16  Stalker x2  
  65  6:21  Probe x2  
  67  6:29  Stargate  
  67  6:33  Probe  
  68  6:41  Probe  
  68  6:43  Stargate  
  68  6:45  Probe  
  70  7:00  Probe x2  
  72  7:11  Nexus  
  72  7:12  Probe  
  72  7:13  Pylon  
  72  7:14  Pylon  
  73  7:16  Probe  
  74  7:22  Stalker  
  74  7:23  Stalker  
  78  7:31  Probe x2  
  77  7:38  Oracle  
  77  7:43  Oracle  
  83  7:46  Void Ray  
  87  7:56  Zealot  
  87  7:57  Zealot x2  
  93  8:06  Assimilator  
  93  8:08  Assimilator  
  93  8:09  Pylon  
  93  8:12  Pylon  
  93  8:18  Pylon  
  93  8:21  Pylon, Shield Battery  
  93  8:22  Pylon  
  93  8:28  Pylon  
  93  8:31  Shield Battery  
  93  8:34  Shield Battery  
  93  8:35  Probe x3  
  93  8:40  Shield Battery x2  
  96  8:42  Zealot x4  
  96  8:43  Zealot  
  96  8:46  Protoss Air Armor Level 1 (Chrono Boost)  
  96  8:47  Probe  
  96  8:48  Void Ray  
  81  10:03  Void Ray x3  
  91  10:18  Robotics Facility  
  91  10:24  Fleet Beacon, Twilight Council  
  91  10:33  Probe x3  
  94  10:43  Zealot x2  
  94  10:44  Zealot x3  
  94  10:45  Probe x3  
  94  10:46  Void Ray x3  
  119  11:09  Zealot x3  
  119  11:10  Zealot x2  
  129  11:13  Unknown, Warp Prism  
  131  11:32  Void Ray x2 (Chrono Boost)  
  143  11:42  Void Ray (Chrono Boost)  
  143  11:44  Observer  
  144  11:57  Nexus  
  144  11:58  Probe x3  
  144  11:59  Assimilator  
  147  12:04  Assimilator, Stalker x2  
  147  12:05  Pylon, Stalker x3  
  157  12:08  Pylon  
  157  12:10  Pylon  
  157  12:13  Pylon  
  157  12:22  Void Ray (Chrono Boost)  
  157  12:23  Probe  
  157  12:26  Void Ray (Chrono Boost)  
  166  12:40  Stalker  
  166  12:41  Stalker x4  
  176  12:48  Immortal  
  180  13:09  Void Ray x2 (Chrono Boost)  
  180  13:11  Void Ray  
Show
View Real Time Build Order
Export as new Build Order

zombidito Terran 

Build Orders:  

Get SALT Encoding   

  12  0:01  SCV  
  13  0:18  SCV  
  13  0:20  Supply Depot  
  14  0:32  SCV  
  14  0:33  Refinery  
  15  0:44  Barracks  
  15  0:46  SCV  
  16  0:58  SCV  
  16  1:02  Engineering Bay  
  17  1:11  SCV  
  18  1:18  Refinery  
  18  1:23  SCV  
  19  1:33  Barracks Reactor  
  19  1:55  SCV  
  20  2:03  Command Center  
  20  2:07  Terran Infantry Weapons Level 1  
  20  2:11  SCV  
  21  2:15  Reaper  
  21  2:22  Reaper  
  23  2:31  Supply Depot  
  23  2:47  Orbital Command  
  23  3:00  Marine x2, Supply Depot  
  25  3:13  SCV  
  25  3:16  Refinery  
  25  3:18  Marine  
  27  3:23  Marine  
  27  3:25  SCV  
  29  3:36  Marine  
  29  3:37  SCV  
  29  3:40  Marine  
  32  3:53  Marine  
  31  3:58  Marine  
  30  4:11  Marine  
  30  4:16  Marine  
  31  4:23  Terran Infantry Armor Level 1  
  31  4:29  Marine  
  32  4:32  SCV  
  33  4:42  Factory  
  33  4:45  SCV  
  34  4:48  Barracks  
  34  4:57  Engineering Bay  
  34  4:58  Marine x2  
  36  5:16  SCV, Marine x2  
  39  5:27  Factory Tech Lab  
  39  5:28  SCV  
  40  5:29  Armory  
  40  5:37  Barracks  
  40  5:39  Marine x2  
  40  5:40  SCV  
  43  5:52  SCV  
  43  5:55  SCV  
  45  5:57  Marine x2  
  47  6:04  SCV  
  47  6:07  SCV  
  49  6:19  SCV  
  49  6:20  Command Center  
  49  6:25  Terran Infantry Weapons Level 2  
  50  6:27  Barracks Tech Lab  
  50  6:30  Bunker  
  50  6:31  SCV  
  50  6:32  Siege Tank  
  54  6:33  Barracks Reactor  
  54  7:05  Supply Depot  
  54  7:27  Marine, SCV x2, Marauder  
  54  7:28  Supply Depot  
  59  7:38  Orbital Command  
  59  7:39  SCV x2  
  59  7:40  Refinery  
  61  7:44  Supply Depot  
  61  7:51  Marine x2, Supply Depot, Marauder  
  65  7:53  Cyclone  
  68  8:07  SCV, Missile Turret  
  68  8:10  Starport  
  69  8:19  SCV  
  70  8:22  Orbital Command  
  70  8:25  Siege Tank  
  70  8:26  SCV  
  74  8:29  Missile Turret  
  74  8:31  SCV  
  74  8:32  Supply Depot  
  75  8:38  SCV  
  76  8:44  SCV  
  76  8:47  Starport  
  77  8:50  SCV  
  77  8:52  Medivac  
  77  8:54  Supply Depot  
  80  8:56  SCV  
  80  8:57  Terran Infantry Weapons Level 3  
  80  8:58  Terran Infantry Armor Level 2  
  80  9:02  SCV  
  82  9:14  SCV  
  82  9:17  Supply Depot  
  82  9:45  Marine x3  
  73  10:05  Marine x3  
  73  10:06  Marine x2  
  77  10:16  Siege Tank  
  77  10:20  Starport Tech Lab  
  80  10:23  Marine  
  80  10:25  Starport Tech Lab  
  81  10:35  Supply Depot  
  81  10:39  Command Center  
  81  10:48  Cyclone  
  84  10:57  Supply Depot  
  84  11:09  Refinery  
  84  11:18  Marine x5  
  89  11:25  Cyclone  
  92  11:35  Marine  
  93  11:51  Planetary Fortress  
  93  11:55  Refinery  
  93  11:57  Siege Tank  
  96  12:03  Medivac x2  
  100  12:19  Supply Depot  
  100  12:29  Fusion Core  
  100  12:34  SCV, Missile Turret  
  101  12:42  Supply Depot  
  101  12:43  Marine x3  
  101  12:44  Marine x2  
  105  12:46  SCV  
  107  12:54  Missile Turret  
  107  12:58  SCV  
  108  13:05  Supply Depot  
  108  13:06  Cyclone  
  108  13:10  SCV  
  112  13:13  Marine x3, Missile Turret  
  112  13:14  Marine x2  
  112  13:15  Factory  
  117  13:22  SCV  
Tags
 
Add a new tag
Caveats
  • Supply blocks, unpowered buildings, or Contaminate may cause inaccurate times.
  • Supply counts are checked every 10 seconds.